 Dungeon Crawl Stone Soup version 0.19.0-2-gae57169 (webtiles) character file.

149 Khazard the Conjurer (level 5, -8/42 HPs)
             Began as a Tengu Wizard on Nov 5, 2016.
             Mangled by an ogre
             ... wielding a +0 giant spiked club
              (18 damage)
             ... on level 3 of the Dungeon.
             The game lasted 00:03:31 (2901 turns).

Khazard the Conjurer (Tengu Wizard)                 Turns: 2901, Time: 00:03:33

Health: -8/42      AC: 25    Str:  7    XL:     5   Next: 31%
Magic:  8/12       EV:  2    Int: 19    God:
Gold:   251        SH:  3    Dex: 13    Spells: 5 memorised, 2 levels left

rFire  . . .     SeeInvis .     a - +0 short sword (venom)
rCold  . . .     Gourm    .     (armour currently unavailable)
rNeg   + + +     Faith    .     m - +0 buckler {AC+3}
rPois  +         Spirit   .     (helmet currently unavailable)
rElec  .         Reflect  .     (cloak currently unavailable)
rCorr  .         Harm     .     (gloves currently unavailable)
MR     .....     NoTele   +     (boots unavailable)
Stlth  ++........               (no amulet)
                                (no ring)
                                (no ring)

@: tree-form, slowed, repel missiles, drained, very slow
A: (beak), (talons 0), able to fly 1
a: Fly


You were on level 3 of the Dungeon.
You were not hungry.
You were a tree.
You visited 1 branch of the dungeon, and saw 3 of its levels.

You collected 251 gold pieces.

Inventory:

Hand Weapons
 a - a +0 short sword of venom (weapon)
 k - a +0 spear
 x - a +3 quarterstaff of chaos
Armour
 b - a +0 hat (melded)
 e - a +0 robe
 m - a +0 buckler of protection (worn)
 t - a +1 robe of resistance (melded)
 w - a +2 cloak (melded)
Scrolls
 d - a scroll of fog {unknown}
 f - 2 scrolls of noise {unknown}
 i - a scroll of teleportation {unknown}
 j - a scroll of magic mapping {unknown}
 l - 2 scrolls of remove curse {unknown}
 n - a scroll of recharging {unknown}
 r - a scroll of blinking {unknown}
 u - a scroll of identify {unknown}
Potions
 p - a potion of mutation {unknown}
 q - a potion of cancellation {unknown}
 s - a potion of curing {unknown}
 v - a potion of flight {unknown}
Books
 c - a book of Minor Magic

   Spells                             Type                      Level
   a - Magic Dart                     Conjuration                  1
   b - Blink                          Translocation                2
   c - Call Imp                       Summoning                    2
   d - Repel Missiles                 Charms/Air                   2
   e - Slow                           Hexes                        2
   f - Conjure Flame                  Conjuration/Fire             3
   g - Mephitic Cloud                 Conjuration/Poison/Air       3
Comestibles
 g - a slice of pizza
 o - 2 bread rations


   Skills:
 - Level 2.1 Dodging
 - Level 2.0(1.9) Stealth
 + Level 0.6(0.5) Shields
 + Level 4.0(3.9) Spellcasting
 * Level 4.2(4.1) Conjurations
 - Level 1.2(1.1) Summonings
 - Level 0.7(0.6) Translocations
 * Level 2.6 Air Magic


You had 2 spell levels left.
You knew the following spells:

 Your Spells              Type           Power        Failure   Level  Hunger
a - Magic Dart            Conj           ###.         4%          1    None
b - Blink                 Tloc           N/A          28%         2    ##.....
c - Call Imp              Summ           #.......     21%         2    ##.....
e - Mephitic Cloud        Conj/Pois/Air  ##......     28%         3    ###....
k - Repel Missiles        Chrm/Air       #.....       21%         2    ##.....


Dungeon Overview and Level Annotations

Branches:
Dungeon (3/15)

Altars:
Yredelemnul
The Shining One

Annotations:
D:3 Natasha


Innate Abilities, Weirdness & Mutations

((You have a beak for a mouth.))
((You have claws for feet.))
You can fly.


Message History

The white imp barely misses you. Natasha misses you.
Casting: Magic Dart
Confirm with . or Enter, or press ? or * to list all spells.
Aiming: Mephitic Cloud
Press: ? - help, Shift-Dir - straight line, f/p - Natasha
Aim: Natasha (almost dead, poisoned)
Okay, then.
Natasha barely misses you.
The ogre hits you with a giant spiked club!
* * * LOW HITPOINT WARNING * * *
Okay, then.
Okay, then.
It was a potion of lignification.
You turn into a tree.
Your +2 cloak melds into your body.
Your +0 hat melds into your body.
Your +1 robe of resistance melds into your body.
You feel hot and cold all over.
Your roots penetrate the ground.
Natasha zaps a wand.
Natasha looks slightly unstable.
It is a wand of teleportation.
The ogre hits you with a giant spiked club!!
You die...

............................#####
.....................)...........
....###############.......##.####
.............[...####.#.####.....
#.#.############.# #.#..........
#.#.# #.# ##.#######.#.. #....
#.# #............. #..... #.#
#..######....# #.....# #.######♣#
#..#<...#....# #.#.#..........Oh#
#..##.###....#
#.#.#!....$.....5..#..##......#..
#............#.#......###.#.#
#.......$....#.#.####.# #.#.#
#......(.##### #.####.# #.#..
.$.......# #....#.###.##.
###......#####.####.#.#...##.
#..............# #.#.#.####.


You could see an ogre, Natasha and a white imp.

Vanquished Creatures
  Crazy Yiuf (D:3)
  Jessica (D:3)
  An adder (D:2)
  2 oozes (D:1)
  2 dart slugs (D:1)
  2 leopard geckos (D:1)
  2 orcs (D:3)
  7 giant cockroaches
  7 goblins
  10 hobgoblins
  10 kobolds
  A quokka (D:2)
  5 bats
  4 frilled lizards
  10 rats
65 creatures vanquished.

Notes
Turn   | Place    | Note
-------+----------+-------------------------------------------
     0 | D:1      | Khazard the Tengu Wizard began the quest for the Orb.
     0 | D:1      | Reached XP level 1. HP: 10/10 MP: 5/5
   275 | D:1      | Reached XP level 2. HP: 10/15 MP: 4/7
   437 | D:1      | Learned a level 2 spell: Call Imp
   440 | D:1      | Learned a level 2 spell: Blink
   443 | D:1      | Learned a level 2 spell: Repel Missiles
   765 | D:1      | Reached XP level 3. HP: 16/19 MP: 0/8
  1718 | D:2      | Reached XP level 4. HP: 24/24 MP: 8/10
  1724 | D:2      | Learned a level 3 spell: Mephitic Cloud
  1891 | D:2      | Reached skill level 1 in Air Magic
  2259 | D:3      | Found a basalt altar of Yredelemnul.
  2261 | D:3      | Noticed a profane servitor
  2275 | D:3      | Found a glowing golden altar of the Shining One.
  2304 | D:3      | Noticed an angel
  2359 | D:3      | Noticed Jessica
  2364 | D:3      | Killed Jessica
  2512 | D:3      | Gained mutation: You can fly. [Tengu growth]
  2512 | D:3      | Reached XP level 5. HP: 28/28 MP: 8/12
  2646 | D:3      | Found a runed door.
  2651 | D:3      | Noticed Crazy Yiuf
  2668 | D:3      | Killed Crazy Yiuf
  2817 | D:3      | Noticed an ogre
  2892 | D:3      | Noticed Natasha
  2901 | D:3      | Mangled by an ogre

Skill      XL: |  1  2  3  4  5 |
---------------+----------------+-----
Conjurations   | 2 3 4 |  4.2
Air Magic      | 2 |  2.6
Spellcasting   | 4 |  4.0
Dodging        | |  2.1
Stealth        | |  2.0
Shields        | |  0.6
Summonings     | |  1.2
Translocations | |  0.7

Action                   |  1- 3 |  4- 6 || total
-------------------------+-------+-------++-------
Melee: Spear             |     9 |       ||     9
       Kick              |     3 |       ||     3
       Peck              |     2 |     4 ||     6
       Short sword       |     1 |    19 ||    20
 Cast: Magic Dart        |    86 |    47 ||   133
       Repel Missiles    |     1 |     1 ||     2
       Mephitic Cloud    |       |     1 ||     1
  Use: Potion            |       |     1 ||     1
 Stab: Sleeping          |     1 |     2 ||     3
  Eat: Bread ration      |     1 |       ||     1
       Pizza             |       |     2 ||     2
Armor: Robe              |     1 |     4 ||     5
Dodge: Dodged            |     9 |    18 ||    27
       Deflected         |       |     1 ||     1
Block: Buckler           |       |     4 ||     4
